 Dungeon Crawl Stone Soup version 0.24.0-10-g970556be89 (webtiles) character file.

Game seed: 4008486578508974213, levelgen mode: deterministic

20676 theswoord the Carver (level 12, -7/98 HPs)
             Began as a Demonspawn Fighter on Oct 28, 2019.
             Was a Believer of Uskayaw.
             Mangled by a 12-headed hydra (14 damage)
             ... on level 5 of the Lair of Beasts on Nov 3, 2019.
             The game lasted 00:43:25 (17981 turns).

theswoord the Carver (Demonspawn Fighter)          Turns: 17981, Time: 00:43:26

Health: -7/98      AC:  9    Str: 20    XL:     12   Next: 47%
Magic:  13/17      EV: 21    Int:  9    God:    Uskayaw [**....]
Gold:   1193       SH:  0    Dex: 20    Spells: 11/11 levels left

rFire    + + .     SeeInvis .   i - +3 scimitar
rCold    . . .     Gourm    .   (no shield)
rNeg     + . .     Faith    .   A - +0 ring mail {rF+}
rPois    .         Spirit   .   b - +0 helmet
rElec    .         Reflect  .   C - +0 cloak {rF+}
rCorr    .         Harm     .   (no gloves)
MR       .....                  (boots unavailable)
Stlth    ++........             (no amulet)
HPRegen  0.26/turn              (no ring)
MPRegen  0.15/turn              (no ring)

@: agile, starving
A: hooves 3, slimy green scales 1, negative energy resistance 1, powered by pain
2, spiny 1
a: Stomp, Line Pass, Renounce Religion


You were on level 5 of the Lair of Beasts.
You worshipped Uskayaw.
Uskayaw was noncommittal.
You were starving.

You visited 3 branches of the dungeon, and saw 16 of its levels.
You also visited: Ossuary and Volcano.

You collected 1193 gold pieces.

Inventory:

Hand Weapons
 i - a +3 scimitar (weapon)
Armour
 b - a +0 helmet (worn)
 c - a +0 cloak of invisibility
 l - the +1 ring mail "Xuynaih" {rPois rCorr}
   (You found it on level 4 of the Dungeon)

   It protects you from poison.
   It provides partial protection from all sources of acid and corrosion.
 p - a +0 shield
 u - a +0 plate armour
 A - a +0 ring mail of fire resistance (worn)
 C - a +0 cloak of fire resistance (worn)
Jewellery
 q - a +2 ring of evasion {unknown}
Wands
 t - a wand of iceblast (4)
 w - a wand of acid (18)
Scrolls
 h - 4 scrolls of immolation
 j - 4 scrolls of identify
 k - a scroll of blinking
 n - a scroll of amnesia
 r - 8 scrolls of remove curse
 s - a scroll of teleportation
 y - 2 scrolls of enchant weapon
 z - 3 scrolls of enchant armour
Potions
 a - a potion of lignification
 d - a potion of magic
 e - 3 potions of flight
 g - 4 potions of resistance
 m - a potion of curing
 o - 3 potions of mutation
 v - 2 potions of agility
 x - 2 potions of berserk rage
 B - a potion of might
Comestibles
 f - 18 rations


   Skills:
 + Level 10.4 Fighting
 - Level 14.0 Long Blades
 - Level 2.6 Armour
 * Level 7.0 Dodging
 - Level 2.6 Shields
 - Level 7.6 Invocations


You had 11 spell levels left.
You didn't know any spells.
Your spell library contained the following spells:

 Spells                   Type           Power        Failure   Level  Hunger
 Magic Dart               Conj           #...         56%         1    ##.....
 Searing Ray              Conj           #.....       71%         2    ###....
 Dazzling Spray           Conj/Hex       #.....       90%         3    ####...
 Force Lance              Conj/Tloc      #.......     100%        4    #####..
 Fulminant Prism          Conj/Hex       #.........   100%        4    #####..
 Iskenderun's Mystic Bla  Conj           #.......     100%        4    #####..


Dungeon Overview and Level Annotations

Branches:
Dungeon (9/15)             Temple (1/1) D:4            Lair (6/6) D:9
 Shoals (0/4) Lair:2        Snake (0/4) Lair:4        Slime (0/5) Lair:5
Ossuary (visited)         Volcano (visited)
    Orc: D:9-12

Altars:
Ashenzari
Cheibriados
Dithmenos
Elyvilon
Fedhas
Gozag
Hepliaklqana
Kikubaaqudgha
Makhleb
Nemelex Xobeh
Okawaru
Qazlal
Ru
Sif Muna
Trog
Uskayaw
Vehumet
Wu Jian
Xom
Yredelemnul
Zin
The Shining One
Jiyva

Shops:
D:8 (


Innate Abilities, Weirdness & Mutations

You have hooves in place of feet.
You are partially covered in slimy green scales. (AC +2)
You resist negative energy. (rN+)
You sometimes gain power by taking damage.
You are partially covered in sharp spines.


Message History

The ten-headed hydra grows two more!
You slash the 12-headed hydra! You kick the 12-headed hydra.
The 12-headed hydra is heavily wounded.
The 12-headed hydra is no longer paralysed.
Aiming: Line Pass
Press: ? - help, Dir - move target cursor The 12-headed hydra appears confused.
You are starving!
The 12-headed hydra is struck by your spines.
The 12-headed hydra closely misses you. The 12-headed hydra misses you. x2
The 12-headed hydra bites you.
* * * LOW HITPOINT WARNING * * *
The 12-headed hydra misses you. The 12-headed hydra closely misses you.
The 12-headed hydra bites you.
* * * LOW HITPOINT WARNING * * *
The 12-headed hydra completely misses you. x2
The 12-headed hydra bites you.
* * * LOW HITPOINT WARNING * * *
The 12-headed hydra barely misses you. The 12-headed hydra bites you!
You die...

#.........#.........###
#.....................#
#P........<...........#
##.....................###
#.#.....................##
###......................#
##....................###
##........)..............#
#........@...............#
###.....D.#............#.#
#.##....###.........#.###
#####...##...........###.
#.....###.........#.....
##.#..####..###...##....
###....#................
#.......................
##...................#..


You could see a 12-headed hydra (confused).

Vanquished Creatures
  A hydra (Lair:2)
  A two-headed ogre (D:9)
  2 salamanders (Volcano)
  An elephant (D:9)
  3 black mambas
  Maurice (D:9)
  Joseph (Lair:1)
  9 spiny frogs
  5 komodo dragons
  A polar bear (Lair:5)
  A hornet (Lair:6)
  A wind drake (Lair:6)
  2 merfolk (Lair:2)
  4 blink frogs (Lair:4)
  6 hippogriffs
  Sigmund (D:6)
  A basilisk (Lair:2)
  15 yaks
  5 fire bats
  A wyvern (D:9)
  A hungry ghost (D:7)
  2 nagas (Lair:4)
  3 porcupines (Lair:2)
  A hell hound (Volcano)
  8 water moccasins
  3 orc warriors
  An ice beast (D:8)
  A sky beast (D:9)
  3 black bears
  A necrophage (D:9)
  3 centaurs
  8 ogres
  5 crocodiles
  11 bullfrogs
  2 big kobolds (D:8)
  A scorpion (D:9)
  9 wights
  11 killer bees
  2 howler monkeys (D:8)
  5 crimson imps
  A jelly (D:8)
  A quasit (D:6)
  2 orc priests
  A bullfrog skeleton (D:9)
  6 hounds
  4 orc wizards
  5 iguanas
  2 worker ants
  A hound zombie (D:8)
  A hound skeleton (D:7)
  8 mummies (Ossuary)
  14 adders
  2 shadow imps (D:6)
  An adder skeleton (D:5)
  An adder zombie (D:8)
  4 worms
  4 dart slugs
  2 leopard geckos
  19 orcs
  2 bats
  6 giant cockroaches
  5 goblins
  6 hobgoblins
  6 jackals
  4 quokkas
  5 frilled lizards
  2 gnoll zombies (Ossuary)
  2 hobgoblin zombies (Ossuary)
  19 kobolds
  2 kobold zombies (Ossuary)
  A leopard gecko skeleton (D:6)
  2 orc zombies (Ossuary)
  8 rats
292 creatures vanquished.

Vanquished Creatures (others)
  A two-headed ogre (Volcano)
  A centaur (Volcano)
  A bush (Lair:6)
  19 fungi
  51 plants
73 creatures vanquished.

Grand Total: 365 creatures vanquished

Notes
Turn   | Place    | Note
-------+----------+-------------------------------------------
     0 | D:1      | theswoord the Demonspawn Fighter began the quest for the
                  | Orb.
     0 | D:1      | Reached XP level 1. HP: 18/18 MP: 1/1
    43 | D:1      | Reached skill level 2 in Long Blades
   112 | D:1      | Gained mutation: You are partially covered in slimy green
                  | scales. (AC +2) [demonic ancestry]
   112 | D:1      | Reached XP level 2. HP: 24/24 MP: 2/2
   470 | D:1      | Reached skill level 3 in Long Blades
   633 | D:2      | Reached XP level 3. HP: 17/29 MP: 3/3
   827 | D:2      | HP: 2/43 [poisoned by an adder]
  1412 | D:2      | Reached XP level 4. HP: 35/35 MP: 4/4
  1439 | D:2      | Reached skill level 4 in Long Blades
  2667 | D:4      | Noticed an ogre
  2685 | D:4      | Killed an ogre
  2685 | D:4      | Reached skill level 5 in Long Blades
  2685 | D:4      | Gained mutation: You sometimes gain a little power by
                  | taking damage. [demonic ancestry]
  2685 | D:4      | Reached XP level 5. HP: 41/41 MP: 5/5
  2729 | D:4      | Got a faintly humming ring mail
  2740 | D:4      | Identified the cursed +1 ring mail "Xuynaih" {rPois rCorr}
                  | (You found it on level 4 of the Dungeon)
  2977 | D:4      | Noticed an ogre
  2988 | D:4      | Killed an ogre
  2988 | D:4      | Reached skill level 6 in Long Blades
  2988 | D:4      | Gained mutation: You have large cloven feet. [demonic
                  | ancestry]
  2988 | D:4      | Reached XP level 6. HP: 35/47 MP: 6/6
  3216 | D:4      | Found a staircase to the Ecumenical Temple.
  3300 | Temple   | Entered the Ecumenical Temple
  3521 | Temple   | Became a worshipper of Uskayaw the Reveler
  3595 | D:5      | Entered Level 5 of the Dungeon
  3917 | D:5      | Reached * piety under Uskayaw
  3919 | D:5      | Reached ** piety under Uskayaw
  4168 | D:6      | Reached skill level 7 in Long Blades
  4168 | D:6      | Gained mutation: You have hoof-like feet. [demonic
                  | ancestry]
  4168 | D:6      | Reached XP level 7. HP: 52/52 MP: 7/7
  4182 | D:6      | Reached *** piety under Uskayaw
  4186 | D:6      | Reached **** piety under Uskayaw
  4660 | D:6      | Reached skill level 8 in Long Blades
  5436 | D:6      | Gained mutation: You have hooves in place of feet. [demonic
                  | ancestry]
  5436 | D:6      | Reached XP level 8. HP: 58/58 MP: 8/8
  5695 | D:6      | Reached skill level 9 in Long Blades
  5736 | D:6      | Noticed Sigmund
  5753 | D:6      | Killed Sigmund
  6344 | D:7      | Reached skill level 10 in Long Blades
  6483 | D:7      | Got an encrusted ring mail
  6495 | D:7      | Identified the +3 ring mail of Whack-A-Mole {+Blink rF-
                  | MP+9} (You found it on level 7 of the Dungeon)
  6509 | D:7      | Gained mutation: You sometimes gain power by taking damage.
                  | [demonic ancestry]
  6509 | D:7      | Reached XP level 9. HP: 57/63 MP: 9/9
  6579 | D:7      | Found a sand-covered staircase.
  6620 | Ossuary  | Entered an ossuary
  6751 | Ossuary  | Reached skill level 11 in Long Blades
  6975 | D:7      | Found a stormy altar of Qazlal.
  7452 | D:8      | Reached ***** piety under Uskayaw
  7727 | D:8      | Found Degobb's Weapon Shoppe.
  8185 | D:8      | You fall into a shaft and drop 1 floor!
  8253 | D:8      | Reached skill level 12 in Long Blades
  8880 | D:9      | Gained mutation: You are partially covered in sharp spines.
                  | [demonic ancestry]
  8880 | D:9      | Reached XP level 10. HP: 31/70 MP: 10/10
  9176 | D:9      | Reached skill level 13 in Long Blades
  9200 | D:9      | Noticed an elephant
  9222 | D:9      | Killed an elephant
  9225 | D:9      | Reached ****** piety under Uskayaw
  9487 | D:9      | Found a staircase to the Lair.
  9807 | D:9      | Found a glowing silver altar of Zin.
  9826 | D:9      | Noticed a two-headed ogre
  9836 | D:9      | Killed a two-headed ogre
  9836 | D:9      | Reached skill level 14 in Long Blades
  9986 | D:9      | Reached skill level 1 in Invocations
 10068 | D:9      | Noticed Maurice
 10105 | D:9      | Killed Maurice
 10244 | D:9      | Found a white marble altar of Elyvilon.
 10244 | D:9      | Found a sacrificial altar of Ru.
 10507 | Lair:1   | Entered Level 1 of the Lair of Beasts
 10552 | Lair:1   | Noticed Joseph
 10553 | Lair:1   | Identified a scroll of acquirement
 10569 | Lair:1   | Killed Joseph
 10569 | Lair:1   | Reached skill level 5 in Fighting
 10693 | Lair:1   | Noticed a spiny frog
 10710 | Lair:1   | Gained mutation: You resist negative energy. (rN+) [demonic
                  | ancestry]
 10710 | Lair:1   | Reached XP level 11. HP: 58/81 MP: 12/14
 10866 | Lair:1   | You fall into a shaft and drop 1 floor!
 10876 | Lair:2   | Reached skill level 5 in Invocations
 13117 | Lair:2   | Noticed a five-headed hydra
 13165 | Lair:2   | Killed a ten-headed hydra
 14082 | Lair:2   | Found a staircase to the Shoals.
 14296 | Lair:3   | Noticed a seven-headed hydra
 14310 | Lair:3   | Noticed a seven-headed hydra
 14604 | Lair:2   | Upgraded the game from 0.24.0-1-gfbc8707122 to
                  | 0.24.0-2-g5b39cebb1c
 14604 | Lair:2   | Upgraded the game from 0.24.0-2-g5b39cebb1c to
                  | 0.24.0-5-g267a8d59f4
 14607 | Lair:2   | Upgraded the game from 0.24.0-5-g267a8d59f4 to
                  | 0.24.0-10-g970556be89
 14652 | Lair:3   | Reached skill level 1 in Dodging
 14879 | Lair:4   | Found a staircase to the Snake Pit.
 15544 | Lair:5   | Noticed a seven-headed hydra
 15598 | Lair:5   | Reached XP level 12. HP: 81/96 MP: 17/17
 15750 | Lair:5   | Found a dark tunnel.
 15763 | Volcano  | Entered a volcano
 15829 | Volcano  | Reached skill level 5 in Dodging
 15856 | Volcano  | Killed a two-headed ogre
 15915 | Volcano  | Reached skill level 10 in Fighting
 16265 | Lair:5   | Noticed a five-headed hydra
 16739 | Lair:5   | Found a viscous altar of Jiyva.
 16740 | Lair:5   | Found a staircase to the Slime Pits.
 16899 | Lair:6   | Entered Level 6 of the Lair of Beasts
 16899 | Lair:6   | Noticed a five-headed hydra
 17204 | Lair:6   | Noticed a seven-headed hydra
 17981 | Lair:5   | Mangled by a 12-headed hydra

Skill      XL: |  1  2  3  4  5  6  7  8  9 10 11 12 |
---------------+-------------------------------------+-----
Long Blades    | 2 3 5 6 7 8 10 12 14 | 14.0
Invocations    | 4 7 |  7.6
Fighting       | 5 9 10 | 10.4
Dodging        | 4 7 |  7.0
Armour         | |  2.6
Shields        | |  2.6

Action                   |  1- 3 |  4- 6 |  7- 9 | 10-12 || total
-------------------------+-------+-------+-------+-------++-------
Melee: Long sword        |    92 |   113 |   145 |       ||   350
       Kick              |       |    12 |   115 |   146 ||   273
       Scimitar          |       |       |   190 |   371 ||   561
Invok: Stomp             |       |       |       |     1 ||     1
       Line Pass         |       |       |       |     5 ||     5
  Use: Scroll            |     5 |     8 |    12 |    10 ||    35
       Potion            |     2 |     4 |    12 |    11 ||    29
 Stab: Invisible         |       |     2 |       |     3 ||     5
       Paralysed         |       |       |    21 |    25 ||    46
       Sleeping          |       |       |       |     1 ||     1
  Eat: Chunk             |     2 |     6 |    16 |    14 ||    38
       Ration            |       |     1 |       |     4 ||     5
Armor: Scale mail        |    50 |    29 |       |       ||    79
       Skin              |     7 |       |       |     2 ||     9
       Ring mail         |       |    21 |   151 |    82 ||   254
       Plate armour      |       |       |       |    45 ||    45
Dodge: Dodged            |    42 |    57 |   153 |   168 ||   420
       Rpst.: Long sword |    11 |    21 |    18 |       ||    50
       Scimitar          |       |       |    27 |    31 ||    58

Levels and vault maps discovered:
D:1:      dpeg_arrival_line_fractal, layout_loops_cross
D:2:      layout_rooms, minmay_splitting_lines
D:3:      layout_loops_corners, first_ration, grunt_decor_clamped,
          uniq_crazy_yiuf_cottage
D:4:      layout_gridville, minmay_temple_entry_poolview, uniq_duvessa
D:5:      layout_layer_cave
D:6:      layout_loops_corners, uniq_sigmund
D:7:      layout_loops_ring, grunt_qazlal_sundering, chequers_ossuary_entry_cave
D:8:      layout_basic, serial_shops, nicolae_shop_stone
D:9:      layout_stronghold, gammafunk_temple_overflow_pools, kennysheep_mini,
          david_lair_generic, uniq_maurice
Temple:   dpeg_five_rooms_temple
Lair:1:   layout_layer_cave, grunt_megastairs_3, uniq_joseph
Lair:2:   layout_misc_corridors, elwin_shoals_entry_rooms
Lair:3:   layout_roguey, gammafunk_ghost_necromancy, grunt_megastairs_5,
          uniq_fannar
Lair:4:   layout_regular_city, guppyfry_snake_entry_garden, beast_lair_carwin_2
Lair:5:   layout_gridlike, dpeg_slime_entry_enclosed_altar,
          nicolae_volcano_entry_batcave
Lair:6:   gammafunk_lair_ancient_temple, layout_misc_corridors,
          nicolae_lair_yak_garden, serial_bayou_shore_a
